 Dungeon Crawl Stone Soup version 0.23-a0-301-g9da9e51 (webtiles) character file.

11 Amnesiac the Digger (level 2, -1/24 HPs)
             Began as a Troll Earth Elementalist on Oct 7, 2018.
             Slain by an adder (2 damage)
             ... on level 2 of the Dungeon.
             The game lasted 00:00:49 (76 turns).

Amnesiac the Digger (Troll Earth Elementalist)        Turns: 76, Time: 00:00:49

Health: -1/24      AC:  5    Str: 15    XL:     2   Next: 17%
Magic:  2/3        EV: 10    Int: 11    God:
Gold:   0          SH:  0    Dex: 10    Spells: 3/4 levels left

rFire    . . .     SeeInvis .   a - +2 whip (drain)
rCold    . . .     Gourm    +   (no shield)
rNeg     . . .     Faith    .   c - +0 robe
rPois    .         Spirit   .   (helmet restricted)
rElec    .         Reflect  .   (no cloak)
rCorr    .         Harm     .   (gloves unavailable)
MR       .....                  (boots unavailable)
Stlth    +.........             (no amulet)
HPRegen  0.48/turn              (no ring)
MPRegen  0.08/turn              (no ring)

@: lethally poisoned (-1 -> -2)
A: large, unfitting armour, claws 3, fast metabolism 3, gourmand, regeneration
1, shaggy fur 1, tough skin 2
a: no special abilities


You were on level 2 of the Dungeon.
You were not hungry.

You visited 1 branch of the dungeon, and saw 2 of its levels.

Inventory:

Hand Weapons
 a - a +2 whip of draining (weapon)
Missiles
 b - 28 stones (quivered)
Armour
 c - a +0 robe (worn)
Comestibles
 d - 2 rations


   Skills:
 - Level 1.5 Dodging
 - Level 1.0 Stealth
 + Level 1.8 Spellcasting
   Level 0.6 Transmutations
 - Level 2.6 Earth Magic


You had 3 spell levels left.
You knew the following spells:

 Your Spells              Type           Power        Failure   Level  Hunger
a - Sandblast             Erth           #.....       10%         1    ##.....

Your spell library contained the following spells:

 Spells                   Type           Power        Failure   Level  Hunger
 Passwall                 Tmut/Erth      #.......     22%         2    ###....
 Stone Arrow              Conj/Erth      #.....       45%         3    ####...
 Petrify                  Tmut/Erth      #.......     83%         4    #####..
 Lee's Rapid Deconstruct  Erth           #.........   95%         5    ######.


Dungeon Overview and Level Annotations

Branches:
Dungeon (2/15)

Altars:
The Shining One


Innate Abilities, Weirdness & Mutations

You are too large for most types of armour.
You have claws for hands.
Your metabolism is lightning-fast.
You like to eat raw meat.
Your natural rate of healing is unusually fast.
You are covered in fur. (AC +1)
You have very tough skin. (AC +2)


Message History

Really attack while wielding your +2 whip of draining?
This could place you
Okay, then.
The adder bites you.
* * * LOW HITPOINT WARNING * * *
The adder bites you but does no damage.
You aren't carrying any potions.
Unknown command.
Really renounce your faith, foregoing its fabulous benefits?
Are you sure you won't change your mind later?
Okay, then.
Unknown command.
Really renounce your faith, foregoing its fabulous benefits?
Are you sure you won't change your mind later?
You have lost your religion!
Your divine halo fades away.
The adder closely misses you. The adder bites you.
* * * LOW HITPOINT WARNING * * *
You are poisoned.
The adder poisons you!
Unknown command.
Unknown command.
You miss the adder.
You feel sick. The adder bites you but does no damage.
You hit the adder.
The adder is lightly wounded.
The adder closely misses you.
You barely miss the adder.
The adder is lightly wounded.
You feel sick. The adder bites you but does no damage.
The adder closely misses you.
You closely miss the adder.
The adder is lightly wounded.
The adder barely misses you.
You miss the adder.
The adder is lightly wounded.
The adder bites you.
* * * LOW HITPOINT WARNING * * *
The adder barely misses you.
You whack the adder!
The adder is severely wounded.
You feel sick. The adder bites you but does no damage.
You hit the adder.
You kill the adder!
You have reached level 2!
The adder bites you but does no damage.
You feel sick. The adder bites you but does no damage.
Found a viscous black potion.
You barely miss the adder. The adder bites you.
* * * LOW HITPOINT WARNING * * *
You are more poisoned.
The adder poisons you! The adder barely misses you.
You miss the adder.
You feel sick. The adder bites you.
* * * LOW HITPOINT WARNING * * *
You aren't carrying any potions.
You feel sick. The adder bites you.
* * * LOW HITPOINT WARNING * * *
You are lethally poisoned!
The adder poisons you!
* * * LOW HITPOINT WARNING * * *
You feel sick.
* * * LOW HITPOINT WARNING * * *
You feel sick. The adder bites you.
You die...

.S..###.# ...## #.# ..
..#####.###...#
..#...w.....#
#....>#.#####
......#.### #######
......#)..# ###.......
#.........#####.........
.....##...#....S@!......
♣.........l.l...########
_♣$......########
♣....##### ....$# .....#
######


You could see an iguana, an adder and a leopard gecko.

Vanquished Creatures
  An adder (D:2)
  A goblin (D:2)
  A rat (D:2)
3 creatures vanquished.

Notes
Turn   | Place    | Note
-------+----------+-------------------------------------------
     0 | D:1      | Amnesiac the Troll Earth Elementalist began the quest for
                  | the Orb.
     0 | D:1      | Reached XP level 1. HP: 16/16 MP: 1/1
     7 | D:2      | Found a faded altar of an unknown god.
    33 | D:2      | Became a worshipper of the Shining One
    33 | D:2      | Reached * piety under the Shining One
    38 | D:2      | Noticed an iguana
    57 | D:2      | Fell from the grace of the Shining One
    64 | D:2      | Reached XP level 2. HP: 5/24 MP: 1/3
    75 | D:2      | HP: 1/24 [poisoned by an adder]
    76 | D:2      | Slain by an adder

Vault maps used:
D:1:      dpeg_arrival_refuge, st_stairs_5, roderic_lattice_a,
          minmay_lizard_king
D:2:      chequers_ecumenical_altar_simple, uniq_natasha

Action                   || total
-------------------------++-------
Melee: Whip              ||     9
 Cast: Sandblast         ||     2
Invok: Renounce Religion ||     1
Armor: Robe              ||     9
Dodge: Dodged            ||     8

Table legend:
 A = Non-vault XP
 B = Vault XP
 C = Vault XP percentage of total XP
 D = Non-vault monster count
 E = Vault monster count
 F = Vault count percentage of total count
                 A         B        C        D         E       F
            +---------+---------+-------+---------+---------+-------
      Total |      17 |       0 |   0.0 |       3 |       0 |   0.0
            +---------+---------+-------+---------+---------+-------
        D:2 |      17 |       0 |   0.0 |       3 |       0 |   0.0
            +---------+---------+-------+---------+---------+-------
